 Dungeon Crawl Stone Soup version 0.29.1 (webtiles) character file.

Game seed: 952920066377294998

1102 RascalDebosk the Chopper (level 8, -3/67 HPs)
             Began as a Gnoll Berserker on Sept 12, 2022.
             Was a Priest of Trog.
             Slain by a gnoll bouda
             ... wielding the +3 woodcutter's axe {vorpal}
              (9 damage)
             ... on level 5 of the Dungeon.
             The game lasted 00:21:06 (5263 turns).

RascalDebosk the Chopper (Gnoll Berserker)          Turns: 5263, Time: 00:21:06

Health: -3/67      AC: 11    Str: 19    XL:     8   Next: 32%
Magic:  12/12      EV:  7    Int:  7    God:    Trog [***...]
Gold:   252        SH:  8    Dex: 11    Spells: 13/13 levels left

rFire   . . .      SeeInvis .   q - +0 war axe
rCold   . . .      Faith    .   u - +0 kite shield
rNeg    . . .      Spirit   .   h - +0 chain mail
rPois   +          Reflect  .   (no helmet)
rElec   .          Harm     .   f - +0 cloak
rCorr   .          Rampage  .   (no gloves)
Will    .....                   (no boots)
Stlth   ..........              (no amulet)
HPRegen 0.21/turn               c - ring of poison resistance
MPRegen 0.13/turn               (no ring)

@: on berserk cooldown, slowed, very slow
A: fangs 1, strong nose, distributed training
a: Renounce Religion, Berserk, Trog's Hand


You were on level 5 of the Dungeon.
You worshipped Trog.
Trog was most pleased with you.
You visited 1 branch of the dungeon, and saw 5 of its levels.

You collected 252 gold pieces.

Inventory:

Hand Weapons
 g - a +0 mace
 q - a +0 war axe (weapon)
Missiles
 a - 5 poisoned darts
 o - 2 curare-tipped darts (quivered)
 r - 4 boomerangs
Armour
 f - a +0 cloak (worn)
 h - a +0 chain mail (worn)
 u - a +0 kite shield (worn)
Jewellery
 b - a ring of ice
 c - a ring of poison resistance (left hand)
Wands
 t - a wand of roots (17)
Scrolls
 j - a scroll of blinking {unknown}
 n - a scroll of teleportation
Potions
 d - a potion of brilliance {unknown}
 e - 2 potions of cancellation {unknown}
 i - 2 potions of curing
 k - a potion of haste {unknown}
 l - 2 potions of resistance
 m - 2 potions of lignification {unknown}
 p - 3 potions of flight {unknown}


   Skills:
 + Level 7.4 Fighting
 + Level 3.3 Short Blades
 + Level 3.3 Long Blades
 + Level 7.4 Axes
 + Level 3.3 Maces & Flails
 + Level 3.3 Polearms
 + Level 3.3 Staves
 + Level 3.3 Ranged Weapons
 + Level 3.3 Throwing
 + Level 5.7 Armour
 + Level 5.7 Dodging
 + Level 3.3 Stealth
 + Level 3.3 Shields
 + Level 3.3 Unarmed Combat
 + Level 3.3 Spellcasting
 + Level 2.6 Conjurations
 + Level 2.6 Hexes
 + Level 2.6 Summonings
 + Level 2.6 Necromancy
 + Level 2.6 Translocations
 + Level 2.6 Transmutations
 + Level 2.6 Fire Magic
 + Level 2.6 Ice Magic
 + Level 2.6 Air Magic
 + Level 2.6 Earth Magic
 + Level 2.6 Poison Magic
 + Level 3.6 Invocations
 + Level 3.3 Evocations


You had 13 spell levels left.
You didn't know any spells.
Your spell library was empty.

Dungeon Overview and Level Annotations

Branches:
Dungeon (5/15)
 Temple: D:4-7

Altars:
Dithmenos
Hepliaklqana


Innate Abilities, Weirdness & Mutations

You have very sharp teeth.
Your uncanny sense of smell can sniff out nearby items.
Your experience applies equally to all skills.


Message History

You block the gnoll's attack.
Things that are here:
a +4 halberd; a gnoll corpse You slash the gnoll!
You kill the gnoll!
Trog accepts your kill.
You hit the gnoll.
Your attacks no longer feel as feeble.
You block the gnoll's attack. You block the gnoll sergeant's attack.
The gnoll barely misses you.
The gnoll sergeant hits you but does no damage.
The gnoll bouda hits you but does no damage.
You hit the gnoll bouda.
You bite the gnoll bouda, but do no damage.
The gnoll bouda is lightly wounded.
You slash the gnoll!
You kill the gnoll!
Trog accepts your kill. The gnoll bouda barely misses you.
The gnoll sergeant hits you from afar with a +0 spear.
* * * LOW HITPOINT WARNING * * *
The gnoll bouda barks out a call to the hunt!
The gnolls pick up the pace!
The gnoll sergeant hits you but does no damage.
The gnoll hits you with a +0 whip.
* * * LOW HITPOINT WARNING * * *
You hit the gnoll bouda but do no damage.
The gnoll bouda is lightly wounded.
You slash the gnoll! The gnoll bouda barely misses you.
You block the gnoll sergeant's attack. You block the gnoll's attack.
The gnoll bouda barely misses you.
The gnoll sergeant hits you from afar with a +0 spear.
* * * LOW HITPOINT WARNING * * *
The gnoll hits you with a +0 whip.
* * * LOW HITPOINT WARNING * * *
You barely miss the gnoll. Your bite misses the gnoll.
The gnoll is heavily wounded.
You hit the gnoll bouda but do no damage.
The gnoll bouda hits you with the +3 woodcutter's axe {vorpal}!
You die...

..............#
#############.#
### ##### ♣♣
#...# ∆... ..###
#..♣♣ ###
#..).♣♣♣
.#.♣...)♣♣##### ∆
.'....)g@.....###
.#..♣.gg♣♣#.....#
.#....♣♣♣ ###.#.#
#..♣♣ #.#.# ..)
#.#.# ### ♣♣
#.#.# #.# #.#.#
#.# #.#.# ####.#
#.#.#


You could see a gnoll sergeant (swift), a gnoll bouda and a gnoll (swift).

Vanquished Creatures
  3 black bears (D:5)
  2 ogres
  A phantom (D:5)
  A scorpion (D:5)
  A hound (D:3)
  An orc priest (D:5)
  A gnoll bouda (D:5)
  Crazy Yiuf (D:4)
  Terence (D:2)
  Ijyb (D:4)
  Natasha (thrice) (D:4)
  An orc wizard (D:5)
  15 gnolls (D:5)
  4 adders
  2 worms (D:2)
  4 dart slugs
  3 orcs (D:5)
  9 bats
  5 endoplasms
  3 giant cockroaches
  7 goblins
  6 hobgoblins
  4 jackals (D:1)
  6 kobolds
  4 quokkas
  7 ball pythons
  4 frilled lizards
100 creatures vanquished.

Vanquished Creatures (others)
  3 plants
3 creatures vanquished.

Grand Total: 103 creatures vanquished

Notes
Turn   | Place    | Note
-------+----------+-------------------------------------------
     0 | D:1      | RascalDebosk the Gnoll Berserker began the quest for the
                  | Orb.
     0 | D:1      | Reached XP level 1. HP: 23/23 MP: 1/1
   503 | D:1      | Reached XP level 2. HP: 29/29 MP: 2/2
   512 | D:1      | Found a faded altar of an unknown god.
  1019 | D:1      | Reached XP level 3. HP: 26/35 MP: 3/3
  1470 | D:2      | Noticed Terence
  1478 | D:2      | Killed Terence
  1479 | D:2      | Reached skill level 1 in Short Blades
  1479 | D:2      | Reached skill level 1 in Long Blades
  1479 | D:2      | Reached skill level 1 in Maces & Flails
  1479 | D:2      | Reached skill level 1 in Polearms
  1479 | D:2      | Reached skill level 1 in Staves
  1479 | D:2      | Reached skill level 1 in Ranged Weapons
  1479 | D:2      | Reached skill level 1 in Throwing
  1479 | D:2      | Reached skill level 1 in Stealth
  1479 | D:2      | Reached skill level 1 in Shields
  1479 | D:2      | Reached skill level 1 in Unarmed Combat
  1479 | D:2      | Reached skill level 1 in Spellcasting
  1479 | D:2      | Reached skill level 1 in Invocations
  1479 | D:2      | Reached skill level 1 in Evocations
  1594 | D:2      | Reached XP level 4. HP: 40/41 MP: 5/5
  1672 | D:2      | Reached ** piety under Trog
  2474 | D:3      | Reached skill level 1 in Conjurations
  2474 | D:3      | Reached skill level 1 in Hexes
  2474 | D:3      | Reached skill level 1 in Summonings
  2474 | D:3      | Reached skill level 1 in Necromancy
  2474 | D:3      | Reached skill level 1 in Translocations
  2474 | D:3      | Reached skill level 1 in Transmutations
  2474 | D:3      | Reached skill level 1 in Fire Magic
  2474 | D:3      | Reached skill level 1 in Ice Magic
  2474 | D:3      | Reached skill level 1 in Air Magic
  2474 | D:3      | Reached skill level 1 in Earth Magic
  2474 | D:3      | Reached skill level 1 in Poison Magic
  2830 | D:3      | Reached XP level 5. HP: 47/47 MP: 7/7
  2854 | D:3      | Noticed an ogre
  2860 | D:3      | Killed an ogre
  3418 | D:4      | Noticed Ijyb
  3429 | D:4      | Killed Ijyb
  3430 | D:4      | Reached XP level 6. HP: 53/53 MP: 8/8
  3570 | D:4      | Found a runed translucent door.
  3571 | D:4      | Noticed Crazy Yiuf
  3779 | D:4      | Noticed Natasha
  3790 | D:4      | Killed Natasha
  3791 | D:4      | Reached skill level 5 in Armour
  3791 | D:4      | Reached skill level 5 in Dodging
  3994 | D:4      | Found a shadowy altar of Dithmenos.
  4072 | D:4      | Noticed Natasha
  4080 | D:4      | Killed Natasha
  4107 | D:4      | Noticed Natasha
  4113 | D:4      | Killed Natasha
  4282 | D:4      | Killed Crazy Yiuf
  4317 | D:5      | Entered Level 5 of the Dungeon
  4317 | D:5      | Noticed a black bear
  4337 | D:5      | Killed a black bear
  4338 | D:5      | Reached XP level 7. HP: 60/60 MP: 10/10
  4424 | D:5      | Found a hazy altar of Hepliaklqana.
  4697 | D:5      | Reached XP level 8. HP: 55/67 MP: 12/12
  5253 | D:5      | Reached *** piety under Trog
  5263 | D:5      | Slain by a gnoll bouda

Illustrated notes

Levels and vault maps discovered:
D:1:      dpeg_arrival_water_temple_mockup, layout_loops_corners,
          basic_ecumenical_altar, chequers_serial_rivers_small_3
D:2:      layout_basic, serial_bayou_ford_a, roderic_lattice_a,
          nrook_mini_backslash, grunt_ministairs_3, uniq_terence
D:3:      layout_loops_ring, amethyst_killhole, amcnicky_mini_pool_small
D:4:      layout_rooms, nicolae_dithmenos_the_darkroom, kennysheep_donut,
          grunt_ministairs_11, minmay_misc_feat_alley,
          kennysheep_generic_room_11, uniq_natasha, uniq_ijyb,
          uniq_crazy_yiuf_cottage
D:5:      layout_loops_ring, nicolae_hepliaklqana_hazy_memory,
          pf_guarded_unrand_woodcutter

Skill      XL: |  1  2  3  4  5  6  7 |
---------------+----------------------+-----
Short Blades   | 1 2 3 |  3.3
Long Blades    | 1 2 3 |  3.3
Maces & Flails | 1 2 3 |  3.3
Polearms       | 1 2 3 |  3.3
Staves         | 1 2 3 |  3.3
Ranged Weapons | 1 2 3 |  3.3
Throwing       | 1 2 3 |  3.3
Stealth        | 1 2 3 |  3.3
Shields        | 1 2 3 |  3.3
Unarmed Combat | 1 2 3 |  3.3
Spellcasting   | 1 2 3 |  3.3
Invocations    | 1 2 3 |  3.6
Evocations     | 1 2 3 |  3.3
Conjurations   | 1 2 |  2.6
Hexes          | 1 2 |  2.6
Summonings     | 1 2 |  2.6
Necromancy     | 1 2 |  2.6
Translocations | 1 2 |  2.6
Transmutations | 1 2 |  2.6
Fire Magic     | 1 2 |  2.6
Ice Magic      | 1 2 |  2.6
Air Magic      | 1 2 |  2.6
Earth Magic    | 1 2 |  2.6
Poison Magic   | 1 2 |  2.6
Armour         | 5 |  5.7
Dodging        | 5 |  5.7
Fighting       | 7 |  7.4
Axes           | 7 |  7.4

Action                   |  1- 3 |  4- 6 |  7- 9 || total
-------------------------+-------+-------+-------++-------
Melee: Hand axe          |    82 |    46 |       ||   128
       Bite              |     7 |    10 |     8 ||    25
       War axe           |       |    89 |    75 ||   164
       Punch             |       |     1 |       ||     1
Invok: Berserk           |     1 |     4 |     3 ||     8
  Use: Scroll            |       |     7 |       ||     7
 Stab: Sleeping          |     1 |       |       ||     1
Armor: Animal skin       |    13 |       |       ||    13
       Chain mail        |     6 |    96 |    59 ||   161
Dodge: Dodged            |    34 |    68 |    29 ||   131
Block: Buckler           |       |     2 |       ||     2
       Kite shield       |       |    26 |    41 ||    67
